 Dungeon Crawl Stone Soup version 0.31-a0-152-g6aa68a64a1 (webtiles) character file.

Game seed: 9632777100605728491

3467 qw the Skirmisher (level 10, -2/96 HPs)
             Began as a Naga Hunter on June 9, 2023.
             Was a Believer of Okawaru.
             Slain by a wolf (8 damage)
             ... on level 9 of the Dungeon.
             The game lasted 00:02:55 (6769 turns).

qw the Skirmisher (Naga Hunter)                     Turns: 6769, Time: 00:02:56

Health: -2/96      AC:  9    Str: 21    XL:     10   Next: 6%
Magic:  12/13      EV: 14    Int:  9    God:    Okawaru [**....]
Gold:   604        SH:  5    Dex: 18    Spells: 9/9 levels left

rFire   . . .        Y - +1 shortbow
rCold   . . .        (shield currently unavailable)
rNeg    . . .        c - +0 leather armour
rPois   +            (no helmet)
rElec   .            b - +2 cloak {rCorr}
rCorr   +            (no gloves)
SInv    +            (no barding)
Will    +....        o - amulet of reflection
Stlth   +++          d - +6 ring of strength
HPRegen 0.36/turn    (no ring)
MPRegen 0.13/turn

%: reflection
@: about to teleport, short of breath, heroic, very slow
A: AC +3, large, see invisible, deformed body, poison resistance, slowness 2,
spit poison 1, naga tail 1
a: Spit Poison, Renounce Religion, Heroism


You were on level 9 of the Dungeon.
You worshipped Okawaru.
Okawaru was pleased with you.
You visited 1 branch of the dungeon, and saw 9 of its levels.

You collected 604 gold pieces.


Innate Abilities, Weirdness & Mutations

Your serpentine skin is tough. (AC +3)
You have supernaturally acute eyesight. (SInv)
Armour fits poorly on your strangely shaped body.
Your system is resistant to poisons. (rPois)
You cover ground very slowly.
You can spit poison.
You have a snake-like lower body.


   Skills:
 - Level 8.1(13.1) Fighting
 + Level 10.0(15.0) Ranged Weapons
 - Level 1.5(6.5) Armour
 - Level 3.0(8.0) Dodging
 - Level 1.5(6.5) Stealth
 - Level 4.2 Invocations


You had 9 spell levels left.
You didn't know any spells.
Your spell library was empty.

Inventory:

Hand Weapons
 Y - a +1 shortbow (weapon)
Armour
 b - a +2 cloak of preservation (worn)
 c - a +0 leather armour (worn)
Jewellery
 d - a +6 ring of strength (left hand)
 o - an amulet of reflection (around neck)
Scrolls
 i - a scroll of teleportation
 j - a scroll of identify
Potions
 e - a potion of mutation
 f - 2 potions of curing
 g - a potion of magic
 k - 2 potions of haste
 l - a potion of might
 m - a potion of degeneration {unknown}
 n - a potion of enlightenment {unknown}

Dungeon Overview and Level Annotations

Branches:
Dungeon (9/15)             Temple (0/1) D:7            Lair (0/5) D:9
    Orc: D:9-12

Altars:
Dithmenos
Gozag
Makhleb
Okawaru
Zin

Shops:
D:3 :

Annotations:
D:3 3 runed translucent doors, qw's ghost, amateur MiHu


Message History

You have got your breath back.
The gnoll bouda gazes fiercely through you!
You feel your attacks grow feeble.
The gnoll bouda hits you with a +0 whip.
The gnoll hits you from afar with a +0 spear.
The gnoll barely misses you.
The two-headed ogre hits you with a +0 giant spiked club.
The two-headed ogre barely misses you.
6766 ||| INVOKING Spit Poison.
Aiming: Spit Poison (1% risk of failure)
Press: ? - help, Shift-Dir - straight line, f/p - two-headed ogre The splash of poison hits the two-headed ogre!
The two-headed ogre is moderately wounded.
Your surroundings suddenly seem different.
Splash!
You fall into the shallow water. 2 hounds and 5 wolves come into view.
Found 24 gold pieces, a book of Blasting and a scale mail.
Found a staircase to the Lair.
The hound barks!
The wolf howls!
The hound barks!
The wolf howls! x2
The wolf stops to sniff the ground.
An electric eel comes into view.
The wolf bites you.
Enter note:
6767 ||| READING 2 scrolls of teleportation.
As you read the scroll of teleportation, it crumbles to dust.
You feel strangely unstable.
The wolf splashes around in the water.
You block the wolf's attack. The wolf barely misses you.
The hound closely misses you. The wolf bites you.
The wolf completely misses you. The wolf bites you!
You shoot an arrow. The arrow misses the wolf. x2
The arrow barely misses the wolf.
The hound splashes around in the water.
You block the wolf's attack.
The wolf splashes around in the water.
The wolf bites you. You block the hound's attack.
You shoot an arrow. The arrow closely misses the wolf.
The arrow hits the hound.
The hound is moderately wounded.
Your attacks no longer feel as feeble.
The wolf bites you. The wolf bites you!
You die...

#....$.......[.
#..~~...~.~~...
#....~..~~~.~~.
.....~~~~~~~~~~
#..~~.~~~~.~~~~
.....~~~..~...~
#.~~~.~hh...~~.
#...~~~@hh>....
#..~.~~hhh...~.
.$..~~~~.~.~S..
...~.~~~~~~~~~~
#.:.~~~~~~~~~~~
#...~.~~~~~~~~~
#.~....~~~~~~~.
#.....~~~~~~~..


You could see 5 wolves, 2 hounds and an electric eel.

Vanquished Creatures
  A two-headed ogre (D:9)
  A steam dragon (D:7)
  Menkaure (D:7)
  An ice beast (D:7)
  2 sky beasts
  2 black bears
  An ogre (D:5)
  A centaur (D:6)
  3 phantoms
  2 kobold brigands (D:8)
  4 bullfrogs
  Blork the orc (D:6)
  2 gnoll sergeants
  5 scorpions
  5 killer bees (D:8)
  2 howler monkeys (D:5)
  3 orc priests
  A hound (D:5)
  2 iguanas
  A sleepcap (D:5)
  4 orc wizards
  9 gnolls
  8 adders
  2 shadow imps (D:5)
  2 white imps
  2 worms
  3 dart slugs
  19 orcs
  6 endoplasms
  4 giant cockroaches
  10 goblins
  9 hobgoblins
  7 jackals
  24 kobolds
  4 quokkas
  10 ball pythons
  7 bats
  A frilled lizard (D:2)
  5 rats
177 creatures vanquished.

Notes
Turn   | Place    | Note
-------+----------+-------------------------------------------
     0 | D:1      | qw the Naga Hunter began the quest for the Orb.
     0 | D:1      | Reached XP level 1. HP: 19/19 MP: 1/1
     0 | D:1      | 0 ||| qw: Version: 0.2-a-122-gbc61b45
     0 | D:1      | 0 ||| qw: Game counter: 3442
     0 | D:1      | 0 ||| qw: Always use a shield: true
     0 | D:1      | 0 ||| qw: God list: Okawaru
     0 | D:1      | 0 ||| qw: Allow faded altars: false
     0 | D:1      | 0 ||| qw: Do Orc after D:15 true
     0 | D:1      | 0 ||| qw: Do second Lair branch before Depths: true
     0 | D:1      | 0 ||| qw: Lair rune preference: random
     0 | D:1      | 0 ||| qw: Plans: Normal
     0 | D:1      | 0 ||| PLANNING D:1-11
     7 | D:1      | 7 ||| INVOKING Spit Poison.
    52 | D:1      | 52 ||| INVOKING Spit Poison.
    78 | D:1      | 78 ||| INVOKING Spit Poison.
   155 | D:1      | 155 ||| INVOKING Spit Poison.
   157 | D:1      | Reached skill level 4 in Ranged Weapons
   157 | D:1      | Reached XP level 2. HP: 26/26 MP: 2/2
   160 | D:1      | 160 ||| INVOKING Spit Poison.
   163 | D:1      | 163 ||| INVOKING Spit Poison.
   172 | D:1      | 172 ||| INVOKING Spit Poison.
   175 | D:1      | 175 ||| INVOKING Spit Poison.
   219 | D:1      | 219 ||| INVOKING Spit Poison.
   237 | D:1      | 237 ||| INVOKING Spit Poison.
   238 | D:1      | 238 ||| INVOKING Spit Poison.
   268 | D:1      | 268 ||| INVOKING Spit Poison.
   281 | D:1      | 281 ||| INVOKING Spit Poison.
   284 | D:1      | 284 ||| INVOKING Spit Poison.
   289 | D:1      | 289 ||| INVOKING Spit Poison.
   348 | D:1      | 348 ||| INVOKING Spit Poison.
   355 | D:1      | 355 ||| INVOKING Spit Poison.
   359 | D:1      | Reached XP level 3. HP: 28/32 MP: 3/3
   359 | D:1      | 359 ||| INVOKING Spit Poison.
   397 | D:1      | 397 ||| INVOKING Spit Poison.
   441 | D:1      | 441 ||| INVOKING Spit Poison.
   475 | D:1      | 475 ||| INVOKING Spit Poison.
   636 | D:1      | 636 ||| READING scroll labelled YRHOPL CEZEIHA.
   637 | D:1      | 637 ||| READING scroll labelled TIMNEU AGROCUCK.
   638 | D:1      | 638 ||| READING scroll labelled RUYCYM JEPLACVY.
   639 | D:1      | 639 ||| READING 2 scrolls labelled IKHLOQ SUORUJO.
   640 | D:1      | 640 ||| READING scroll labelled TEIJUQOOLI.
   641 | D:1      | 641 ||| DRINKING 2 green potions.
   674 | D:1      | 674 ||| DROPPING scroll of butterflies.
   675 | D:1      | 675 ||| DROPPING scroll of poison.
   676 | D:1      | 676 ||| DROPPING potion of lignification.
   690 | D:2      | 690 ||| INVOKING Spit Poison.
   710 | D:2      | 710 ||| INVOKING Spit Poison.
   756 | D:2      | 756 ||| INVOKING Spit Poison.
   769 | D:2      | 769 ||| INVOKING Spit Poison.
   775 | D:2      | 775 ||| INVOKING Spit Poison.
   797 | D:2      | 797 ||| INVOKING Spit Poison.
   807 | D:2      | 807 ||| INVOKING Spit Poison.
   813 | D:2      | 813 ||| INVOKING Spit Poison.
   819 | D:2      | 819 ||| INVOKING Spit Poison.
   857 | D:2      | 857 ||| INVOKING Spit Poison.
   862 | D:2      | Reached skill level 5 in Ranged Weapons
   863 | D:2      | 863 ||| INVOKING Spit Poison.
   867 | D:2      | Reached XP level 4. HP: 37/39 MP: 4/4
   934 | D:2      | 934 ||| INVOKING Spit Poison.
   938 | D:2      | 938 ||| INVOKING Spit Poison.
   941 | D:2      | 941 ||| INVOKING Spit Poison.
   973 | D:2      | 973 ||| INVOKING Spit Poison.
   977 | D:2      | 977 ||| INVOKING Spit Poison.
   986 | D:2      | 986 ||| INVOKING Spit Poison.
   989 | D:2      | 989 ||| INVOKING Spit Poison.
  1090 | D:2      | 1090 ||| INVOKING Spit Poison.
  1247 | D:2      | 1247 ||| INVOKING Spit Poison.
  1251 | D:2      | 1251 ||| UPGRADING to +2 cloak of preservation.
  1256 | D:2      | 1256 ||| UPGRADING to amulet of the acrobat.
  1261 | D:2      | 1261 ||| READING scroll labelled BYAFEN GIOMI.
  1287 | D:3      | 1287 ||| INVOKING Spit Poison.
  1294 | D:3      | 1294 ||| INVOKING Spit Poison.
  1310 | D:3      | Found Venimp's Book Emporium.
  1382 | D:3      | 1382 ||| INVOKING Spit Poison.
  1396 | D:3      | Reached skill level 3 in Fighting
  1399 | D:3      | 1399 ||| INVOKING Spit Poison.
  1429 | D:3      | Found a burning altar of Makhleb.
  1430 | D:3      | 1430 ||| INVOKING Spit Poison.
  1434 | D:3      | 1434 ||| INVOKING Spit Poison.
  1437 | D:3      | Reached XP level 5. HP: 49/49 MP: 5/5
  1469 | D:3      | 1469 ||| INVOKING Spit Poison.
  1615 | D:3      | Noticed qw's ghost (amateur MiHu)
  1646 | D:3      | Found a runed translucent gate.
  1646 | D:3      | Found a runed translucent gate.
  1646 | D:3      | Found a runed translucent gate.
  1706 | D:3      | Found a shadowy altar of Dithmenos.
  1774 | D:3      | Found a faded altar of an unknown god.
  1896 | D:3      | 1896 ||| READING scroll labelled IBIECA RIZU.
  1897 | D:3      | 1897 ||| READING 2 scrolls labelled IBLAQA YPPAG.
  2016 | D:4      | 2016 ||| INVOKING Spit Poison.
  2067 | D:4      | 2067 ||| INVOKING Spit Poison.
  2070 | D:4      | 2070 ||| Stepping ~*~*~tactically~*~*~ (outnumbered).
  2071 | D:4      | 2071 ||| INVOKING Spit Poison.
  2075 | D:4      | 2075 ||| INVOKING Spit Poison.
  2082 | D:4      | 2082 ||| INVOKING Spit Poison.
  2083 | D:4      | 2083 ||| INVOKING Spit Poison.
  2132 | D:4      | 2132 ||| Stepping ~*~*~tactically~*~*~ (outnumbered).
  2133 | D:4      | 2133 ||| Stepping ~*~*~tactically~*~*~ (outnumbered).
  2135 | D:4      | 2135 ||| INVOKING Spit Poison.
  2140 | D:4      | 2140 ||| INVOKING Spit Poison.
  2147 | D:4      | 2147 ||| INVOKING Spit Poison.
  2160 | D:4      | 2160 ||| INVOKING Spit Poison.
  2198 | D:4      | 2198 ||| INVOKING Spit Poison.
  2255 | D:4      | Noticed a phantom
  2269 | D:4      | Killed a phantom
  2270 | D:4      | Reached skill level 6 in Ranged Weapons
  2270 | D:4      | Reached XP level 6. HP: 39/56 MP: 6/6
  2422 | D:4      | 2422 ||| INVOKING Spit Poison.
  2429 | D:4      | 2429 ||| INVOKING Spit Poison.
  2520 | D:4      | 2520 ||| INVOKING Spit Poison.
  2572 | D:4      | 2572 ||| INVOKING Spit Poison.
  2575 | D:4      | 2575 ||| INVOKING Spit Poison.
  2584 | D:4      | 2584 ||| INVOKING Spit Poison.
  2589 | D:4      | 2589 ||| INVOKING Spit Poison.
  2607 | D:4      | 2607 ||| INVOKING Spit Poison.
  2668 | D:4      | 2668 ||| INVOKING Spit Poison.
  2694 | D:4      | Found an iron altar of Okawaru.
  2695 | D:4      | 2695 ||| PLANNING OKAWARU WORSHIP
  2695 | D:4      | 2695 ||| UPGRADING to +6 ring of strength.
  2696 | D:4      | 2696 ||| READING 3 scrolls of identify.
  2696 | D:4      | 2696 ||| IDENTIFYING viscous black potion
  2697 | D:4      | 2697 ||| READING 2 scrolls of identify.
  2697 | D:4      | 2697 ||| IDENTIFYING cyan potion
  2698 | D:4      | 2698 ||| DROPPING potion of attraction.
  2699 | D:4      | 2699 ||| DROPPING potion of berserk rage.
  2707 | D:4      | Became a worshipper of Warmaster Okawaru
  2707 | D:4      | 2707 ||| PLANNING D:1-11
  2863 | D:5      | Entered Level 5 of the Dungeon
  2866 | D:5      | 2866 ||| INVOKING Spit Poison.
  2868 | D:5      | Noticed a black bear
  2873 | D:5      | 2873 ||| INVOKING Spit Poison.
  2875 | D:5      | Killed a black bear
  2876 | D:5      | Reached XP level 7. HP: 38/64 MP: 7/7
  2877 | D:5      | 2877 ||| INVOKING Spit Poison.
  2882 | D:5      | 2882 ||| INVOKING Spit Poison.
  3014 | D:5      | 3014 ||| INVOKING Spit Poison.
  3020 | D:5      | 3020 ||| INVOKING Spit Poison.
  3061 | D:5      | 3061 ||| INVOKING Spit Poison.
  3085 | D:5      | Reached skill level 7 in Ranged Weapons
  3211 | D:5      | 3211 ||| Stepping ~*~*~tactically~*~*~ (outnumbered).
  3212 | D:5      | 3212 ||| INVOKING Spit Poison.
  3217 | D:5      | 3217 ||| INVOKING Spit Poison.
  3223 | D:5      | 3223 ||| INVOKING Spit Poison.
  3228 | D:5      | 3228 ||| INVOKING Spit Poison.
  3385 | D:5      | 3385 ||| INVOKING Spit Poison.
  3392 | D:5      | 3392 ||| INVOKING Spit Poison.
  3392 | D:5      | HP: 12/64 [ogre/+0 giant club (18)]
  3393 | D:5      | 3393 ||| READING 4 scrolls of teleportation.
  3394 | D:5      | Reached * piety under Okawaru
  3599 | D:5      | 3599 ||| INVOKING Spit Poison.
  3602 | D:5      | Reached XP level 8. HP: 72/72 MP: 8/8
  3606 | D:5      | 3606 ||| INVOKING Spit Poison.
  3608 | D:5      | Reached skill level 1 in Invocations
  3611 | D:5      | 3611 ||| INVOKING Spit Poison.
  3614 | D:5      | 3614 ||| INVOKING Spit Poison.
  3618 | D:5      | 3618 ||| INVOKING Spit Poison.
  3622 | D:5      | 3622 ||| INVOKING Spit Poison.
  3656 | D:5      | Reached skill level 8 in Ranged Weapons
  3773 | D:5      | You fall into a shaft and drop 2 floors!
  3782 | D:7      | 3782 ||| FLEEEEING.
  3783 | D:7      | 3783 ||| FLEEEEING.
  3784 | D:7      | 3784 ||| FLEEEEING.
  3785 | D:7      | 3785 ||| FLEEEEING.
  3786 | D:7      | 3786 ||| FLEEEEING.
  3787 | D:7      | 3787 ||| FLEEEEING.
  3788 | D:7      | 3788 ||| STAIRDANCE
  3795 | D:6      | Identified the +1 dagger of Huumneff {drain, Will+ Stlth+}
  3801 | D:6      | 3801 ||| INVOKING Spit Poison.
  3802 | D:6      | 3802 ||| Stepping ~*~*~tactically~*~*~ (outnumbered).
  3806 | D:6      | 3806 ||| INVOKING Spit Poison.
  3810 | D:6      | 3810 ||| INVOKING Heroism.
  3814 | D:6      | 3814 ||| INVOKING Spit Poison.
  3818 | D:6      | 3818 ||| INVOKING Spit Poison.
  3822 | D:6      | 3822 ||| INVOKING Spit Poison.
  3826 | D:6      | 3826 ||| INVOKING Heroism.
  3827 | D:6      | HP: 17/72 [gnoll/+0 whip[a gnoll sergeant] (5)]
  3828 | D:6      | 3828 ||| READING 4 scrolls of teleportation.
  3829 | D:6      | 3829 ||| INVOKING Spit Poison.
  3931 | D:6      | 3931 ||| INVOKING Heroism.
  3933 | D:6      | 3933 ||| INVOKING Spit Poison.
  4029 | D:6      | 4029 ||| INVOKING Spit Poison.
  4156 | D:5      | 4156 ||| INVOKING Spit Poison.
  4172 | D:5      | 4172 ||| INVOKING Spit Poison.
  4176 | D:5      | 4176 ||| INVOKING Spit Poison.
  4203 | D:5      | 4203 ||| INVOKING Spit Poison.
  4206 | D:5      | 4206 ||| INVOKING Spit Poison.
  4423 | D:5      | 4423 ||| DROPPING +2 cloak.
  4424 | D:5      | 4424 ||| READING scroll labelled KOXE MUREACE.
  4538 | D:6      | Noticed Blork the orc
  4539 | D:6      | 4539 ||| INVOKING Heroism.
  4542 | D:6      | 4542 ||| INVOKING Spit Poison.
  4546 | D:6      | Killed Blork the orc
  4656 | D:6      | 4656 ||| INVOKING Spit Poison.
  4671 | D:6      | 4671 ||| INVOKING Spit Poison.
  4676 | D:6      | 4676 ||| INVOKING Spit Poison.
  4680 | D:6      | Reached skill level 3 in Invocations
  4680 | D:6      | 4680 ||| INVOKING Spit Poison.
  4686 | D:6      | 4686 ||| INVOKING Spit Poison.
  4882 | D:6      | 4882 ||| INVOKING Spit Poison.
  4885 | D:6      | 4885 ||| INVOKING Spit Poison.
  4940 | D:6      | 4940 ||| INVOKING Spit Poison.
  4946 | D:6      | 4946 ||| INVOKING Spit Poison.
  4959 | D:6      | 4959 ||| INVOKING Spit Poison.
  4966 | D:6      | 4966 ||| INVOKING Spit Poison.
  5079 | D:6      | 5079 ||| READING scroll labelled BOTOOS BIENG.
  5180 | D:6      | 5180 ||| READING scroll labelled TALOIT QOIN.
  5181 | D:6      | 5181 ||| DRINKING 2 coppery potions.
  5182 | D:6      | 5182 ||| DRINKING 2 clear potions.
  5183 | D:6      | 5183 ||| READING 3 scrolls of identify.
  5183 | D:6      | 5183 ||| IDENTIFYING metallic blue potion
  5184 | D:6      | 5184 ||| READING 2 scrolls of identify.
  5184 | D:6      | 5184 ||| IDENTIFYING lumpy blue potion
  5244 | D:7      | 5244 ||| INVOKING Heroism.
  5246 | D:7      | 5246 ||| INVOKING Spit Poison.
  5250 | D:7      | 5250 ||| INVOKING Spit Poison.
  5254 | D:7      | 5254 ||| INVOKING Spit Poison.
  5258 | D:7      | 5258 ||| INVOKING Spit Poison.
  5264 | D:7      | 5264 ||| INVOKING Spit Poison.
  5304 | D:7      | 5304 ||| STAIRDANCE
  5344 | D:7      | 5344 ||| INVOKING Spit Poison.
  5346 | D:7      | Reached skill level 9 in Ranged Weapons
  5346 | D:7      | Reached XP level 9. HP: 81/81 MP: 11/11
  5359 | D:7      | Reached skill level 1 in Armour
  5361 | D:7      | 5361 ||| INVOKING Spit Poison.
  5364 | D:7      | 5364 ||| INVOKING Spit Poison.
  5386 | D:7      | Found a staircase to the Ecumenical Temple.
  5459 | D:7      | Noticed Menkaure
  5460 | D:7      | 5460 ||| INVOKING Heroism.
  5468 | D:7      | Killed Menkaure
  5469 | D:7      | Reached skill level 3 in Dodging
  5511 | D:7      | 5511 ||| INVOKING Heroism.
  5515 | D:7      | 5515 ||| INVOKING Spit Poison.
  5519 | D:7      | 5519 ||| Stepping ~*~*~tactically~*~*~ (outnumbered).
  5520 | D:7      | 5520 ||| INVOKING Spit Poison.
  5856 | D:7      | Found an opulent altar of Gozag.
  5857 | D:7      | Found a glowing silver altar of Zin.
  5934 | D:8      | 5934 ||| INVOKING Spit Poison.
  5935 | D:8      | 5935 ||| Stepping ~*~*~tactically~*~*~ (outnumbered).
  5937 | D:8      | 5937 ||| Stepping ~*~*~tactically~*~*~ (outnumbered).
  5939 | D:8      | 5939 ||| INVOKING Spit Poison.
  5947 | D:8      | 5947 ||| INVOKING Spit Poison.
  5951 | D:8      | 5951 ||| INVOKING Spit Poison.
  5959 | D:8      | 5959 ||| INVOKING Spit Poison.
  5962 | D:8      | 5962 ||| INVOKING Spit Poison.
  5964 | D:8      | Reached skill level 6 in Fighting
  6070 | D:8      | 6070 ||| INVOKING Heroism.
  6071 | D:8      | 6071 ||| INVOKING Spit Poison.
  6134 | D:8      | 6134 ||| INVOKING Spit Poison.
  6135 | D:8      | 6135 ||| Stepping ~*~*~tactically~*~*~ (outnumbered).
  6137 | D:8      | 6137 ||| INVOKING Spit Poison.
  6141 | D:8      | 6141 ||| Stepping ~*~*~tactically~*~*~ (outnumbered).
  6142 | D:8      | 6142 ||| INVOKING Spit Poison.
  6146 | D:8      | 6146 ||| INVOKING Spit Poison.
  6193 | D:8      | 6193 ||| INVOKING Spit Poison.
  6200 | D:8      | 6200 ||| INVOKING Spit Poison.
  6202 | D:8      | 6202 ||| INVOKING Heroism.
  6204 | D:8      | 6204 ||| INVOKING Spit Poison.
  6209 | D:8      | 6209 ||| INVOKING Spit Poison.
  6210 | D:8      | 6210 ||| INVOKING Spit Poison.
  6214 | D:8      | 6214 ||| INVOKING Spit Poison.
  6418 | D:8      | 6418 ||| INVOKING Spit Poison.
  6419 | D:8      | 6419 ||| Stepping ~*~*~tactically~*~*~ (outnumbered).
  6423 | D:8      | 6423 ||| INVOKING Spit Poison.
  6427 | D:8      | Reached skill level 10 in Ranged Weapons
  6439 | D:8      | 6439 ||| INVOKING Spit Poison.
  6498 | D:8      | 6498 ||| INVOKING Spit Poison.
  6503 | D:8      | 6503 ||| INVOKING Spit Poison.
  6508 | D:8      | 6508 ||| INVOKING Spit Poison.
  6513 | D:8      | 6513 ||| INVOKING Spit Poison.
  6546 | D:8      | 6546 ||| INVOKING Spit Poison.
  6551 | D:8      | 6551 ||| INVOKING Spit Poison.
  6685 | D:8      | 6685 ||| UPGRADING to amulet of reflection.
  6695 | D:8      | 6695 ||| DROPPING amulet of the acrobat.
  6696 | D:8      | 6696 ||| READING 3 scrolls of identify.
  6696 | D:8      | 6696 ||| IDENTIFYING golden potion
  6697 | D:8      | 6697 ||| READING 2 scrolls of identify.
  6697 | D:8      | 6697 ||| IDENTIFYING white potion
  6712 | D:9      | Noticed a two-headed ogre
  6713 | D:9      | 6713 ||| INVOKING Heroism.
  6714 | D:9      | 6714 ||| INVOKING Spit Poison.
  6718 | D:9      | 6718 ||| INVOKING Spit Poison.
  6722 | D:9      | 6722 ||| INVOKING Spit Poison.
  6726 | D:9      | 6726 ||| INVOKING Spit Poison.
  6726 | D:9      | Killed a two-headed ogre
  6726 | D:9      | Reached ** piety under Okawaru
  6727 | D:9      | Reached XP level 10. HP: 52/96 MP: 11/13
  6733 | D:9      | 6733 ||| INVOKING Spit Poison.
  6738 | D:9      | 6738 ||| INVOKING Spit Poison.
  6745 | D:9      | 6745 ||| INVOKING Spit Poison.
  6751 | D:9      | 6751 ||| INVOKING Spit Poison.
  6751 | D:9      | HP: 24/96 [orc warrior/+0 hand axe (3)]
  6752 | D:9      | 6752 ||| READING 4 scrolls of teleportation.
  6753 | D:9      | 6753 ||| DRINKING 3 potions of heal wounds.
  6754 | D:9      | 6754 ||| INVOKING Heroism.
  6756 | D:9      | Noticed a two-headed ogre
  6760 | D:9      | 6760 ||| INVOKING Spit Poison.
  6762 | D:9      | HP: 21/96 [two-headed ogre/+0 giant spiked club (12)]
  6763 | D:9      | 6763 ||| READING 3 scrolls of teleportation.
  6764 | D:9      | 6764 ||| DRINKING 2 potions of heal wounds.
  6765 | D:9      | 6765 ||| DRINKING potion of heal wounds.
  6766 | D:9      | 6766 ||| INVOKING Spit Poison.
  6766 | D:9      | Found a staircase to the Lair.
  6767 | D:9      | 6767 ||| READING 2 scrolls of teleportation.
  6767 | D:9      | HP: 20/96 [wolf (3)]
  6769 | D:9      | HP: 6/96 [wolf (4)]
  6769 | D:9      | Slain by a wolf

Levels and vault maps discovered:
D:1:      minmay_arrival_four_houses, layout_basic
D:2:      layout_rooms, minmay_pentomino_pile
D:3:      layout_basic, lemuel_tele_altar, mainiacjoe_overflow_chevrons,
          serial_shops, shop, gammafunk_ghost_icy, ebering_ecumenical_altar_mist
D:4:      layout_basic, okawaru_altar_gauntlet_db
D:5:      layout_loops_corners, chequers_serial_rivers_room_b,
          minmay_misc_feat_secret_circle
D:6:      layout_gridville, uniq_blork_the_orc
D:7:      layout_cave_pools, grunt_temple_overflow_gold_and_silver,
          minmay_temple_entry_junction, uniq_crazy_yiuf_cottage, uniq_menkaure
D:8:      layout_rooms
D:9:      layout_basic, erik_lair_island, nicolae_shop_i_like_small_books_too,
          chequers_serial_rivers_marsh, dreamdust_wishing_well, minivault_8,
          uniq_prince_ribbit1

Skill      XL: |  1  2  3  4  5  6  7  8  9 |
---------------+----------------------------+-----
Ranged Weapons | 4 5 6 7 9 10 | 10.0
Fighting       | 3 4 5 8 |  8.1
Dodging        | 2 3 |  3.0
Invocations    | 3 4 |  4.2
Armour         | 1 |  1.5
Stealth        | |  1.5

Action                     |  1- 3 |  4- 6 |  7- 9 | 10-12 || total
---------------------------+-------+-------+-------+-------++-------
   Fire: Shortbow          |    88 |   108 |   313 |    27 ||   536
 Invoke: Heroism           |       |       |    10 |     1 ||    11
Ability: Spit Poison       |    31 |    37 |    81 |     6 ||   155
    Use: Scroll            |     5 |     5 |     9 |     3 ||    22
         Potion            |     1 |       |     2 |     3 ||     6
 Armour: Leather armour    |     9 |    20 |    75 |     7 ||   111
  Dodge: Dodged            |    21 |    26 |   121 |    20 ||   188
  Block: Other             |       |       |     3 |     4 ||     7

Table legend:
 A = Non-vault XP
 B = Vault XP
 C = Vault XP percentage of total XP
 D = Non-vault monster count
 E = Vault monster count
 F = Vault count percentage of total count
                 A         B        C        D         E       F
            +---------+---------+-------+---------+---------+-------
      Total |    4684 |     269 |   5.4 |     166 |      11 |   6.2
            +---------+---------+-------+---------+---------+-------
        D:1 |      51 |       0 |   0.0 |      28 |       0 |   0.0
        D:2 |      69 |       9 |  11.5 |      26 |       3 |  10.3
        D:3 |      46 |       0 |   0.0 |      13 |       0 |   0.0
        D:4 |     364 |      13 |   3.4 |      19 |       6 |  24.0
        D:5 |     892 |       0 |   0.0 |      25 |       0 |   0.0
        D:6 |     592 |      90 |  13.2 |      13 |       1 |   7.1
        D:7 |     790 |     157 |  16.6 |      11 |       1 |   8.3
        D:8 |    1020 |       0 |   0.0 |      28 |       0 |   0.0
        D:9 |     860 |       0 |   0.0 |       3 |       0 |   0.0
            +---------+---------+-------+---------+---------+-------
